 Dungeon Crawl Stone Soup version 0.30-a0-313-gae38170b09 (webtiles) character file.

Game seed: 16378679310875017231

1744 Pooter the Cleaver (level 8, -3/74 HPs)
             Began as a Minotaur Berserker on Oct 26, 2022.
             Was a Priest of Trog.
             Slain by a killer bee (6 damage)
             ... on level 6 of the Dungeon.
             The game lasted 00:22:17 (4452 turns).

Pooter the Cleaver (Minotaur Berserker)             Turns: 4452, Time: 00:22:18

Health: -3/74      AC:  6    Str: 24    XL:     8   Next: 77%
Magic:  7/7        EV: 10    Int:  4    God:    Trog [***...]
Gold:   358        SH:  0    Dex: 10    Spells: 7/7 levels left

rFire   . . .      SeeInvis .    a - +0 war axe
rCold   . . .      Faith    +    (no shield)
rNeg    . . .      Spirit   .    A - +0 scale mail
rPois   +          Reflect  .    (helmet restricted)
rElec   .          Harm     .    (no cloak)
rCorr   .          Rampage  .    (no gloves)
Will    ++...                    (no boots)
Stlth   +.........               t - amulet of faith {!P}
HPRegen 1.32/turn                P - ring of poison resistance
MPRegen 0.10/turn                (no ring)

@: strong-willed (expiring), on berserk cooldown, regenerating (expiring),
slowed, very slow
A: horns 2, retaliatory headbutt
a: Renounce Religion, Berserk, Trog's Hand


You were on level 6 of the Dungeon.
You worshipped Trog.
Trog was most pleased with you.
You visited 1 branch of the dungeon, and saw 6 of its levels.

You collected 358 gold pieces.

Inventory:

Hand Weapons
 a - a +0 war axe (weapon)
   (You found it on level 3 of the Dungeon)
 b - a +3 sling
   (You found it on level 2 of the Dungeon)
 l - a +0 halberd
   (You took it off a gnoll on level 2 of the Dungeon)
 m - a +0 hand axe
 x - a +2 vampiric spear
   (You took it off a gnoll on level 2 of the Dungeon)
Missiles
 c - 5 boomerangs (quivered)
 o - 15 poisoned darts
 Q - 36 stones
Armour
 A - a +0 scale mail (worn)
   (You found it on level 3 of the Dungeon)
Jewellery
 t - an amulet of faith (around neck) {!P}
   (You found it on level 2 of the Dungeon)
 P - a ring of poison resistance (left hand)
   (You found it on level 3 of the Dungeon)
Wands
 f - a wand of flame (30)
   (You found it on level 4 of the Dungeon)
 B - a wand of light (6)
   (You found it on level 4 of the Dungeon)
Scrolls
 e - 2 scrolls of immolation {!r}
 h - 2 scrolls of blinking
 k - a scroll of noise {!r}
 n - a scroll of fog
 q - a scroll of amnesia {unknown}
 r - a scroll of summoning {unknown}
 w - 2 scrolls of enchant weapon {unknown}
 y - a scroll of silence {unknown}
 C - 2 scrolls of enchant armour {unknown}
 D - 2 scrolls of magic mapping {unknown}
 E - 2 scrolls of teleportation {unknown}
Potions
 d - a potion of heal wounds {unknown}
 g - 4 potions of attraction {unknown}
 i - 2 potions of haste {unknown}
 j - a potion of berserk rage {unknown}
 p - 3 potions of might {unknown}
 s - 4 potions of curing {@q1}
 u - a potion of cancellation {unknown}
 v - 2 potions of ambrosia {unknown}
 z - 2 potions of brilliance {unknown}
 F - a potion of lignification {unknown}
 G - a potion of flight {unknown}


   Skills:
 + Level 7.9 Fighting
 * Level 9.0 Axes
 + Level 4.6 Ranged Weapons
 - Level 2.4 Armour
 - Level 2.1 Dodging
 + Level 4.5 Stealth


You had 7 spell levels left.
You didn't know any spells.
Your spell library was empty.

Dungeon Overview and Level Annotations

Branches:
Dungeon (6/15)             Temple (0/1) D:5

Altars:
Cheibriados
Dithmenos
Makhleb


Innate Abilities, Weirdness & Mutations

You have a pair of horns on your head.
You reflexively headbutt those who attack you in melee.


Message History

The killer bee stings you.
You are more poisoned.
The killer bee poisons you!
You miss the killer bee. You hit the white imp.
You closely miss the killer bee.
You feel very sick. The killer bee barely misses you. You furiously retaliate!
You headbutt the killer bee. The killer bee stings you.
* * * LOW HITPOINT WARNING * * *
You are more poisoned.
The killer bee poisons you! The killer bee barely misses you.
The killer bee stings you!
* * * LOW HITPOINT WARNING * * *
The white imp gestures at you. The puff of frost hits you!
* * * LOW HITPOINT WARNING * * *
The killer bee stings you but does no damage.
The killer bee closely misses you.
Unknown command.
You miss the killer bee. x2; You slash the white imp!
You kill the white imp!
Trog accepts your kill.
You feel extremely sick. The killer bee closely misses you.
The killer bee stings you but does no damage.
The killer bee misses you.
The killer bee stings you but does no damage.
The shadow imp disappears for a moment.
The killer bee closely misses you. You furiously retaliate!
You headbutt the killer bee! The killer bee stings you.
* * * LOW HITPOINT WARNING * * *
The shadow imp hits you.
* * * LOW HITPOINT WARNING * * *
Unknown command.
You feel better.
You feel the effects of Trog's Hand fading.
The killer bee barely misses you. The killer bee stings you.
* * * LOW HITPOINT WARNING * * *
The killer bee stings you.
* * * LOW HITPOINT WARNING * * *
The killer bee stings you!
* * * LOW HITPOINT WARNING * * *
The shadow imp hits you.
* * * LOW HITPOINT WARNING * * *
The killer bee barely misses you. The killer bee stings you.
* * * LOW HITPOINT WARNING * * *
You miss the killer bee. Your headbutt misses the killer bee.
You closely miss the shadow imp. You barely miss the killer bee.
The killer bee stings you.
You die...

#. #.# ###... ##. ..
.....## ####.. #.
##.##.#.. ##.....##
#.##....... ........##
#........#
.........####...$..#
.....$...[........#
......5..####...#.#####
......y@.# ##...# ....
...<..y..###...## #..#
................###..#
.................##..#
.................##..#
#...#>...............#
>.#.##..........#...###
..# ...........#.....#
............##)##


You could see 2 killer bees and a shadow imp.

Vanquished Creatures
  The ghost of Lobster4 the Vexing, an amateur HuWn (D:4)
  2 steam dragons (D:5)
  An ice beast (D:6)
  2 black bears (D:4)
  An ogre (D:6)
  4 necrophages
  A scorpion (D:4)
  3 killer bees (D:6)
  A howler monkey (D:4)
  3 hounds (D:5)
  A jelly (D:5)
  2 iguanas (D:5)
  Natasha (twice) (D:2)
  Robin (D:2)
  6 gnolls
  5 adders
  A shadow imp (D:5)
  A white imp (D:6)
  3 worms
  A dart slug (D:4)
  6 orcs
  6 ball pythons
  11 endoplasms
  14 goblins
  7 hobgoblins
  9 jackals
  6 kobolds
  4 quokkas
  6 bats
  4 frilled lizards
  7 rats
122 creatures vanquished.

Vanquished Creatures (others)
  6 fungi (D:5)
  A plant (D:2)
7 creatures vanquished.

Grand Total: 129 creatures vanquished

Notes
Turn   | Place    | Note
-------+----------+-------------------------------------------
     0 | D:1      | Pooter the Minotaur Berserker began the quest for the Orb.
     0 | D:1      | Reached XP level 1. HP: 19/19 MP: 0/0
   268 | D:1      | Reached XP level 2. HP: 21/27 MP: 1/1
   468 | D:1      | Reached skill level 4 in Axes
   512 | D:1      | Reached skill level 1 in Stealth
   613 | D:1      | Reached ** piety under Trog
   633 | D:1      | Reached XP level 3. HP: 29/34 MP: 2/2
  1107 | D:2      | Reached XP level 4. HP: 35/41 MP: 3/3
  1134 | D:2      | Reached skill level 5 in Fighting
  1184 | D:2      | Noticed Robin
  1198 | D:2      | Killed Robin
  1418 | D:2      | Noticed Natasha
  1427 | D:2      | Killed Natasha
  1428 | D:2      | Reached XP level 5. HP: 48/48 MP: 4/4
  1430 | D:2      | Noticed Natasha
  1439 | D:2      | Killed Natasha
  1790 | D:3      | Reached skill level 5 in Axes
  2054 | D:3      | Found a faded altar of an unknown god.
  2261 | D:3      | Reached *** piety under Trog
  2447 | D:4      | Reached skill level 1 in Ranged Weapons
  2529 | D:4      | Reached XP level 6. HP: 53/57 MP: 5/5
  2726 | D:4      | Noticed Lobster4's ghost (amateur HuWn)
  2728 | D:4      | Found a runed translucent door.
  2742 | D:4      | Reached skill level 6 in Axes
  2916 | D:4      | Found a shadowy altar of Dithmenos.
  2983 | D:4      | Reached XP level 7. HP: 53/64 MP: 6/6
  3173 | D:4      | Killed Lobster4's ghost
  3235 | D:5      | Entered Level 5 of the Dungeon
  3286 | D:5      | Found a snail-covered altar of Cheibriados.
  3392 | D:5      | Reached skill level 7 in Axes
  3668 | D:5      | Noticed a steam dragon
  3669 | D:5      | Noticed a steam dragon
  3681 | D:5      | Killed a steam dragon
  3682 | D:5      | Reached XP level 8. HP: 62/73 MP: 7/7
  3853 | D:5      | Found a burning altar of Makhleb.
  3892 | D:5      | Reached skill level 8 in Axes
  3894 | D:5      | Identified the +10 short sword "Yluiwec" {elec, *Noise
                  | rElec Str+2}
  4152 | D:5      | Found a staircase to the Ecumenical Temple.
  4444 | D:6      | Reached skill level 9 in Axes
  4451 | D:6      | HP: 1/74 [killer bee (3)]
  4452 | D:6      | Slain by a killer bee

Illustrated notes

Levels and vault maps discovered:
D:1:      minmay_arrival_four_houses, layout_loops_cross
D:2:      layout_rooms, guppyfry_early_lair_pool, uniq_natasha, uniq_robin
D:3:      minmay_spotlight, layout_basic, ebering_ecumenical_altar_hall
D:4:      layout_basic, mainiacjoe_overflow_alcove_1,
          hellmonk_ghost_happy_afterlife, serial_forest,
          infiniplex_forest_end_2, infiniplex_forest_clump_double,
          infiniplex_forest_lined_room_, infiniplex_forest_clump_large,
          infiniplex_forest_zigzag_1, infiniplex_forest_lined_room_2
D:5:      kennysheep_steamy, layout_basic, lightli_temple_of_fire,
          mainiacjoe_overflow_alcove_2, minmay_temple_entry_wispy,
          chequers_mini_garden
D:6:      layout_rooms, mainiacjoe_overflow_alcove_4, uniq_grinder

Skill      XL: |  1  2  3  4  5  6  7  8 |
---------------+-------------------------+-----
Fighting       | 4 5 6 7 |  7.9
Axes           | 4 5 6 7 9 |  9.0
Stealth        | 1 2 3 4 |  4.5
Ranged Weapons | 1 2 3 4 |  4.6
Armour         | |  2.4
Dodging        | |  2.1

Action                   |  1- 3 |  4- 6 |  7- 9 || total
-------------------------+-------+-------+-------++-------
Melee: Hand axe          |    68 |    18 |       ||    86
       Headbutt          |    12 |    12 |    12 ||    36
       Punch             |     1 |     2 |     2 ||     5
       Spear             |       |    25 |       ||    25
       War axe           |       |    53 |    76 ||   129
 Fire: Sling             |       |    49 |    26 ||    75
Throw: Boomerang         |    10 |     4 |       ||    14
       Dart              |       |     3 |       ||     3
Invok: Berserk           |       |     1 |     4 ||     5
       Trog's Hand       |       |     1 |     2 ||     3
Evoke: Wand              |       |       |     3 ||     3
  Use: Scroll            |     1 |     4 |       ||     5
       Potion            |       |       |     1 ||     1
 Stab: Sleeping          |     1 |       |       ||     1
Armor: Animal skin       |    15 |     7 |       ||    22
       Scale mail        |       |    23 |    23 ||    46
Dodge: Dodged            |    42 |    74 |    45 ||   161

Table legend: (Time is in decaauts)
 A = Elapsed time spent in this place.
 B = Non-inter-level travel time spent in this place.
 C = Inter-level travel time spent in this place.
 D = Time resting spent in this place.
 E = Time spent auto-exploring this place.
 F = Levels seen in this place.
 G = Mean time per level.
                   A        B        C        D        E       F      G
               +--------+--------+--------+--------+--------+-----+--------+
         Total |   4524 |   4465 |     59 |    542 |   2996 |   6 |  754.0 |
       Dungeon |   4524 |   4465 |     59 |    542 |   2996 |   6 |  754.0 |
               +--------+--------+--------+--------+--------+-----+--------+

Top non-repeatable levels by time:
     D:5: 1095 daAuts
     D:1: 992 daAuts
     D:4: 856 daAuts
     D:3: 752 daAuts
     D:2: 677 daAuts
     D:6: 149 daAuts
